Map: Frostline LE

Players

wootwoot - Winner!

  • Race: Zerg Zerg
  • League: Bronze
  • Spawn Location: 1:00

nono

  • Race: Terran Terran
  • League: Gold
  • Spawn Location: 7:00

VOD

Have the link to the VOD?

Description

Time

  • Played on: April 1, 2025, 3:28 p.m.
  • Length: 3:59
Show
View Real Time Build Order
Export as new Build Order

wootwoot Zerg - Winner!

Build Orders: Hatch First, Zergling Baneling 

Get SALT Encoding   

  12  0:01  Drone  
  13  0:12  Overlord  
  13  0:16  Drone  
  14  0:31  Drone x2  
  16  0:48  Hatchery  
  15  0:51  Drone  
  15  0:56  Drone  
  17  0:58  Drone  
  17  1:00  Extractor  
  17  1:16  Spawning Pool  
  16  1:19  Drone  
  16  1:23  Drone  
  18  1:28  Drone  
  19  1:38  Overlord  
  19  2:02  Metabolic Boost  
  19  2:06  Queen x2  
  23  2:10  Zergling x2  
  23  2:14  Zergling x2  
  25  2:15  Zergling x2  
  25  2:20  Zergling x2  
  27  2:24  Zergling x2  
  27  2:25  Zergling x2  
  27  2:29  Zergling x2  
  30  2:33  Zergling x2  
  30  2:36  Zergling x2  
  32  2:44  Baneling Nest  
  31  2:46  Drone  
  31  2:49  Zergling x2  
  33  2:54  Zergling x2  
  33  2:56  Zergling x2  
  35  3:07  Zergling x2  
  36  3:16  Overlord x2  
  36  3:36  Baneling  
  36  3:37  Baneling x7  
  36  3:39  Zergling x4  
  36  3:40  Zergling x4  
Show
View Real Time Build Order
Export as new Build Order

nono Terran 

Build Orders:  

Get SALT Encoding   

  12  0:01  SCV  
  13  0:13  SCV  
  14  0:20  Supply Depot  
  14  0:25  SCV  
  15  0:42  SCV  
  16  0:45  Barracks  
  16  0:51  Refinery  
  16  0:53  Refinery  
  16  0:55  SCV  
  17  1:07  SCV  
  18  1:19  SCV  
  19  1:31  SCV  
  20  1:43  SCV  
  21  1:47  Supply Depot  
  21  1:51  Factory  
  21  1:58  Orbital Command  
  21  2:00  Barracks Tech Lab  
  21  2:18  Marine  
  22  2:24  SCV  
  23  2:35  Armory  
  23  2:46  SCV  
  24  2:51  Barracks Reactor  
  24  2:59  SCV  
  24  3:02  Starport  
  25  3:14  Supply Depot  
  31  3:35  Supply Depot  
  30  3:45  SCV  
Tags
 
Matchup
TvZ
Replay Pack
B2M-Replays
Spawn Locations
Cross Positions
Add a new tag
Caveats
  • Supply blocks, unpowered buildings, or Contaminate may cause inaccurate times.
  • Supply counts are checked every 10 seconds.